HSSL
MAIZE HS @ MASCONOMET HS CHIEFTANS
04/17/2028
 
TOP OF THE 1ST
Maize HS batting - Pitching for Masconomet HS Chieftans : LHP Manuel Rodríguez
Pitching: LHP Manuel Rodríguez
Batting: LHB Ed Nelson 0-0: Called Strike
0-1: Foul Ball, location: 2F
0-2: Foul Ball, location: 2F
0-2: Foul Ball, location: 2F
0-2: Ball
1-2: Ball
2-2: Ball
3-2: Strikes out swinging
Batting: RHB Pedro Casillas 0-0: Ground out 4-3 (Groundball, 4)
Batting: RHB Michael Obrego 0-0: SINGLE (Groundball, 34D)
Batting: RHB Dennis Brooks 0-0: Ball
1-0: Foul Ball, location: 2F
1-1: Ball
2-1: Foul Ball, location: 2F
2-2: Ball
3-2: SINGLE (Groundball, 56D)
Michael Obrego to second
Michael Obrego to third
Batting: SHB Álex Vega 0-0: Called Strike
0-1: Ball
1-1: Swinging Strike
1-2: Ball
2-2: Foul Ball, location: 2F
2-2: Ball
3-2: Foul Ball, location: 2F
3-2: Foul Ball, location: 2F
3-2: Base on Balls
Dennis Brooks to second
Batting: SHB Armando Guzmán 0-0: Called Strike
0-1: Ball
Passed Ball!
Michael Obrego scores
Dennis Brooks to third
Álex Vega to second
1-1: Swinging Strike
1-2: Foul Ball, location: 2F
1-2: Ground out 6-3 (Groundball, 6)
Top of the 1st over - 1 run(s), 2 hit(s), 0 error(s), 2 left on base; Maize HS 1 - Masconomet HS 0
BOTTOM OF THE 1ST
Masconomet HS Chieftans batting - Pitching for Maize HS : RHP Curtis Steele
Pitching: RHP Curtis Steele
Batting: RHB Kenny Canady 0-0: Foul Ball, location: 2F
0-1: Ball
1-1: Foul Ball, location: 2F
1-2: DOUBLE (Flyball, 78D)
Batting: RHB Burt Scott 0-0: Ball
1-0: Ball
Wild Pitch!
Kenny Canady to third
2-0: Foul Ball, location: 2F
2-1: Foul Ball, location: 2F
2-2: Ball
3-2: Base on Balls
Batting: RHB Alec Bowers 0-0: Ball
1-0: Fly out, F9 (Flyball, 9)
Runner from 3rd tags up, SCORES, no throw
Batting: RHB Josh Martin 0-0: Fly out, F6 (Popup, 56D)
Batting: RHB Pat Greene 0-0: Ball
1-0: Called Strike
1-1: Ball
2-1: Ball
3-1: Base on Balls
Burt Scott to second
Batting: SHB Carl Savage 0-0: Ball
1-0: Ball
2-0: Foul Ball, location: 2F
2-1: Foul Ball, location: 2F
2-2: Foul Ball, location: 2F
2-2: Ground out 4-3 (Groundball, 34)
Bottom of the 1st over - 1 run(s), 1 hit(s), 0 error(s), 2 left on base; Maize HS 1 - Masconomet HS 1
TOP OF THE 2ND
Maize HS batting - Pitching for Masconomet HS Chieftans : LHP Manuel Rodríguez
Batting: LHB Jorge Merced 0-0: Called Strike
0-1: Ground out 4-3 (Groundball, 4)
Batting: RHB Dan Osborne 0-0: Called Strike
0-1: Swinging Strike
0-2: Strikes out swinging
Batting: RHB Enrico Fernández 0-0: Ball
1-0: Swinging Strike
1-1: Foul Ball, location: 2F
1-2: Ball
2-2: Strikes out swinging
Top of the 2nd over - 0 run(s), 0 hit(s), 0 error(s), 0 left on base; Maize HS 1 - Masconomet HS 1
BOTTOM OF THE 2ND
Masconomet HS Chieftans batting - Pitching for Maize HS : RHP Curtis Steele
Batting: RHB Bill Salinas 0-0: Ball
1-0: Called Strike
1-1: Ball
2-1: Ball
3-1: Base on Balls
Batting: RHB Jack Bowman 0-0: Ball
Bill Salinas steals 2nd base
1-0: Ball
2-0: Ball
3-0: Called Strike
3-1: Called Strike
3-2: Foul Ball, location: 2F
3-2: Foul Ball, location: 2F
3-2: Base on Balls
Batting: RHB Lee Justice 0-0: Foul Ball, location: 2F
0-1: Ball
1-1: Called Strike
1-2: Ball
2-2: Strikes out looking
Batting: RHB Kenny Canady 0-0: Ball
1-0: Ball
2-0: Ball
3-0: Called Strike
3-1: Called Strike
3-2: Strikes out swinging
Batting: RHB Burt Scott 0-0: Ball
1-0: Foul Ball, location: 2F
1-1: Foul Ball, location: 2F
1-2: Ball
2-2: SINGLE (Groundball, 34D)
Bill Salinas to third
Jack Bowman to second
Runner from 3rd tries for Home, SAFE, no throw
Batting: RHB Alec Bowers 0-0: Called Strike
0-1: Ball
1-1: Foul Ball, location: 2F
1-2: Ball
2-2: Fly out, F7 (Flyball, 7LM)
Bottom of the 2nd over - 1 run(s), 1 hit(s), 0 error(s), 2 left on base; Maize HS 1 - Masconomet HS 2
TOP OF THE 3RD
Maize HS batting - Pitching for Masconomet HS Chieftans : LHP Manuel Rodríguez
Batting: LHB Ed Nelson 0-0: Ball
1-0: Ball
2-0: Called Strike
2-1: Foul Ball, location: 2F
2-2: Strikes out swinging
Batting: RHB Pedro Casillas 0-0: Called Strike
0-1: Ball
1-1: Ball
2-1: SINGLE (Groundball, 56) (infield hit)
Batting: RHB Michael Obrego 0-0: Ball
1-0: Ball
2-0: Called Strike
2-1: Hit by Pitch
Pedro Casillas to second
Batting: RHB Dennis Brooks 0-0: Ball
1-0: Foul Ball, location: 2F
1-1: Foul Ball, location: 2F
1-2: Fly out, F2 (Popup, 15S)
Batting: SHB Álex Vega 0-0: Called Strike
0-1: Ball
1-1: Ball
2-1: Foul Ball, location: 2F
2-2: Strikes out swinging
Top of the 3rd over - 0 run(s), 1 hit(s), 0 error(s), 2 left on base; Maize HS 1 - Masconomet HS 2
BOTTOM OF THE 3RD
Masconomet HS Chieftans batting - Pitching for Maize HS : RHP Curtis Steele
Batting: RHB Josh Martin 0-0: Ground out 4-3 (Groundball, 4S)
Now at 2B: Clay Evans
Batting: RHB Pat Greene 0-0: Called Strike
0-1: Swinging Strike
0-2: Strikes out swinging
Batting: SHB Carl Savage 0-0: Reached on error, E4 (Groundball, 4M)
Batting: RHB Bill Salinas 0-0: Ball
1-0: Swinging Strike
1-1: Swinging Strike
1-2: Ball
2-2: Strikes out swinging
Bottom of the 3rd over - 0 run(s), 0 hit(s), 1 error(s), 1 left on base; Maize HS 1 - Masconomet HS 2
TOP OF THE 4TH
Maize HS batting - Pitching for Masconomet HS Chieftans : LHP Manuel Rodríguez
Batting: SHB Armando Guzmán 0-0: Swinging Strike
0-1: Ball
1-1: Ball
2-1: Ball
3-1: Called Strike
3-2: Strikes out swinging
Batting: RHB Clay Evans 0-0: Called Strike
0-1: Swinging Strike
0-2: Ball
1-2: Strikes out swinging
Batting: RHB Dan Osborne 0-0: Swinging Strike
0-1: Ball
1-1: Ball
2-1: Fly out, F9 (Flyball, 89M)
Top of the 4th over - 0 run(s), 0 hit(s), 0 error(s), 0 left on base; Maize HS 1 - Masconomet HS 2
BOTTOM OF THE 4TH
Masconomet HS Chieftans batting - Pitching for Maize HS : RHP Curtis Steele
Batting: RHB Jack Bowman 0-0: Called Strike
0-1: Ball
1-1: SINGLE (Flyball, 7S)
Batting: RHB Lee Justice 0-0: Called Strike
0-1: Called Strike
0-2: Ball
1-2: Grounds into double play, 5-4-3 (Groundball, 56)
Batting: RHB Kenny Canady 0-0: Swinging Strike
0-1: Ball
1-1: Swinging Strike
1-2: Ball
2-2: Strikes out swinging, 2-3 out at first.
Bottom of the 4th over - 0 run(s), 1 hit(s), 0 error(s), 0 left on base; Maize HS 1 - Masconomet HS 2
TOP OF THE 5TH
Maize HS batting - Pitching for Masconomet HS Chieftans : LHP Manuel Rodríguez
Batting: RHB Enrico Fernández 0-0: Ball
1-0: Reached on error, E5 (Groundball, 56S)
Batting: LHB Ed Nelson 0-0: Called Strike
0-1: Ball
1-1: Fielders Choice at 2nd, 6-4 (Groundball, 6)
Pitching: RHP Myron Brown
Batting: RHB Pedro Casillas 0-0: Ball
1-0: Called Strike
Ed Nelson steals 2nd base
1-1: Ball
2-1: Ball
3-1: Fly out, F9 (Flyball, 9LMF)
Batting: RHB Michael Obrego 0-0: Ball
1-0: Ball
2-0: Ball
3-0: Base on Balls
Batting: RHB Dennis Brooks 0-0: Foul Ball, location: 2F
0-1: Called Strike
0-2: Strikes out swinging
Top of the 5th over - 0 run(s), 0 hit(s), 1 error(s), 2 left on base; Maize HS 1 - Masconomet HS 2
BOTTOM OF THE 5TH
Masconomet HS Chieftans batting - Pitching for Maize HS : RHP Curtis Steele
Pitching: RHP Roger Grant
Batting: RHB Burt Scott 0-0: Called Strike
0-1: Ball
1-1: Ground out 6-3 (Groundball, 6)
Batting: RHB Alec Bowers 0-0: Called Strike
0-1: Foul Ball, location: 2F
0-2: Ball
1-2: Ball
2-2: Fly out, F9 (Flyball, 9)
Batting: RHB Josh Martin 0-0: Ball
1-0: Ball
2-0: SINGLE (Line Drive, 4MD)
Batting: RHB Pat Greene 0-0: Ball
1-0: Ball
2-0: Fly out, F7 (Flyball, 7)
Bottom of the 5th over - 0 run(s), 1 hit(s), 0 error(s), 1 left on base; Maize HS 1 - Masconomet HS 2
TOP OF THE 6TH
Maize HS batting - Pitching for Masconomet HS Chieftans : RHP Myron Brown
Batting: SHB Álex Vega 0-0: Ball
1-0: Foul Ball, location: 2F
1-1: DOUBLE (Flyball, 78D)
Batting: SHB Armando Guzmán 0-0: Ball
1-0: Foul Ball, location: 2F
1-1: Ball
2-1: Swinging Strike
2-2: Foul Ball, location: 2F
2-2: Hit by Pitch
Batting: RHB Clay Evans 0-0: Foul Ball, location: 2F
0-1: Ball
1-1: Grounds into double play, 6-4-3 (Groundball, 6)
Álex Vega to third
Batting: RHB Dan Osborne 0-0: Ball
1-0: Fly out, F4 (Popup, 4MD)
Top of the 6th over - 0 run(s), 1 hit(s), 0 error(s), 1 left on base; Maize HS 1 - Masconomet HS 2
BOTTOM OF THE 6TH
Masconomet HS Chieftans batting - Pitching for Maize HS : RHP Roger Grant
Batting: SHB Carl Savage 0-0: Called Strike
0-1: Ball
1-1: Called Strike
1-2: Foul Ball, location: 2F
1-2: Foul Ball, location: 2F
1-2: Strikes out looking
Batting: RHB Bill Salinas 0-0: Foul Ball, location: 2F
0-1: SINGLE (Flyball, 6MD)
Batting: RHB Jack Bowman 0-0: Ball
1-0: Ball
2-0: Called Strike
2-1: Swinging Strike
2-2: Ball
3-2: Foul Ball, location: 2F
3-2: Foul Ball, location: 2F
3-2: Strikes out swinging
Batting: RHB Lee Justice 0-0: Called Strike
Pickoff Throw to First - Out!
Bottom of the 6th over - 0 run(s), 1 hit(s), 0 error(s), 0 left on base; Maize HS 1 - Masconomet HS 2
TOP OF THE 7TH
Maize HS batting - Pitching for Masconomet HS Chieftans : RHP Myron Brown
Batting: RHB Enrico Fernández 0-0: Ball
1-0: SINGLE (Flyball, 9LM) - OUT at second base trying to stretch hit.
Batting: LHB Ed Nelson 0-0: Called Strike
0-1: SINGLE (Groundball, 34D)
Batting: RHB Pedro Casillas 0-0: Foul Ball, location: 2F
0-1: Ball
1-1: Ball
2-1: Swinging Strike
2-2: Ball
3-2: Fielders Choice at 2nd, 6-4 (Groundball, 6)
Batting: RHB Michael Obrego 0-0: Ball
1-0: Swinging Strike
1-1: Foul Ball, location: 2F
1-2: Strikes out swinging
Top of the 7th over - 0 run(s), 2 hit(s), 0 error(s), 1 left on base; Maize HS 1 - Masconomet HS 2
BOTTOM OF THE 7TH
Masconomet HS Chieftans batting - Pitching for Maize HS : RHP Roger Grant
Batting: RHB Lee Justice 0-0: Called Strike
0-1: Ball
1-1: Ball
2-1: Ball
3-1: Base on Balls
Batting: RHB Kenny Canady 0-0: Sac Bunt - play at first, batter OUT! 1-4
Lee Justice to second
Batting: RHB Burt Scott 0-0: Ball
1-0: Called Strike
1-1: Called Strike
1-2: Foul Ball, location: 2F
1-2: SINGLE (Groundball, 4M) (infield hit)
Lee Justice to third
Batting: RHB Alec Bowers 0-0: DOUBLE (Groundball, 3L)
Lee Justice scores
Burt Scott to third
Runner from 3rd tries for Home, SAFE, throw made home
Batting: RHB Josh Martin 0-0: Ball
1-0: Called Strike
1-1: Fly out, F7 (Flyball, 7S)
Batting: RHB Pat Greene 0-0: Ball
1-0: Ball
2-0: Ball
3-0: Base on Balls
Pitching: RHP Willie Martínez
Batting: SHB Carl Savage 0-0: Ball
1-0: Ball
Wild Pitch!
Alec Bowers to third
Pat Greene to second
2-0: Ball
3-0: Base on Balls
Batting: RHB Bill Salinas 0-0: Ball
1-0: Ball
2-0: Ball
3-0: Base on Balls
Alec Bowers scores
Pat Greene to third
Carl Savage to second
Batting: RHB Jack Bowman 0-0: Foul Ball, location: 2F
0-1: Swinging Strike
0-2: Foul Ball, location: 2F
0-2: Ball
1-2: Foul Ball, location: 2F
1-2: Foul Ball, location: 2F
1-2: Strikes out looking
Bottom of the 7th over - 3 run(s), 2 hit(s), 0 error(s), 3 left on base; Maize HS 1 - Masconomet HS 5
TOP OF THE 8TH
Maize HS batting - Pitching for Masconomet HS Chieftans : RHP Myron Brown
Batting: RHB Dennis Brooks 0-0: Ball
1-0: Swinging Strike
1-1: Foul Ball, location: 2F
1-2: Ball
2-2: Ball
3-2: SOLO HOME RUN (Flyball, 8LXD), Distance : 446 ft
Batting: SHB Álex Vega 0-0: Ball
1-0: Ground out 4-3 (Groundball, 34D)
Batting: SHB Armando Guzmán 0-0: Foul Ball, location: 2F
0-1: Ball
1-1: Ball
2-1: Ball
3-1: Foul Ball, location: 2F
3-2: Fly out, F7 (Flyball, 7S)
Batting: RHB Clay Evans 0-0: Called Strike
0-1: Hit by Pitch
Pitching: RHP Shawn Gross
Batting: RHB Dan Osborne 0-0: Swinging Strike
0-1: Called Strike
0-2: Strikes out swinging
Top of the 8th over - 1 run(s), 1 hit(s), 0 error(s), 1 left on base; Maize HS 2 - Masconomet HS 5
BOTTOM OF THE 8TH
Masconomet HS Chieftans batting - Pitching for Maize HS : RHP Willie Martínez
Batting: RHB Lee Justice 0-0: Fly out, F8 (Flyball, 78S)
Batting: RHB Kenny Canady 0-0: Swinging Strike
0-1: Foul Ball, location: 2F
0-2: Ball
1-2: Foul Ball, location: 2F
1-2: Foul Ball, location: 2F
1-2: Foul Ball, location: 2F
1-2: Ball
2-2: Ground out 4-3 (Groundball, 4)
Batting: RHB Burt Scott 0-0: Called Strike
0-1: Ball
1-1: Reached on error, E6 (Groundball, 6)
Batting: RHB Alec Bowers 0-0: Ball
1-0: Ball
2-0: 2-RUN HOME RUN (Flyball, 8LXD), Distance : 452 ft
Batting: RHB Josh Martin 0-0: Ball
1-0: Swinging Strike
1-1: Fly out, F9 (Line Drive, 89M)
Bottom of the 8th over - 2 run(s), 1 hit(s), 1 error(s), 0 left on base; Maize HS 2 - Masconomet HS 7
TOP OF THE 9TH
Maize HS batting - Pitching for Masconomet HS Chieftans : RHP Shawn Gross
Batting: RHB Enrico Fernández 0-0: Ball
1-0: Ball
2-0: Ball
3-0: Base on Balls
Batting: LHB Ed Nelson 0-0: Foul Ball, location: 2F
0-1: Foul Ball, location: 2F
0-2: Strikes out swinging
Batting: RHB Pedro Casillas 0-0: Ball
1-0: Swinging Strike
1-1: Foul Ball, location: 2F
1-2: Ball
2-2: Fly out, F7 (Flyball, 7)
Batting: RHB Michael Obrego 0-0: Fly out, F8 (Flyball, 8RS)
Top of the 9th over - 0 run(s), 0 hit(s), 0 error(s), 1 left on base; Maize HS 2 - Masconomet HS 7
Tuesday, August 8th, 2017 - OOTP Baseball 17.12 Build 75